 Dungeon Crawl Stone Soup version 0.29-a0-529-gfa20dd96a1 (webtiles) character file.

Game seed: 5800103332034313683

20 elagabalus the Grave Robber (level 2, 19/19 HPs)
             Began as a Demonspawn Necromancer on May 28, 2022.
             Quit the game on level 1 of the Dungeon on June 1, 2022.
             The game lasted 00:07:13 (471 turns).

elagabalus the Grave Robber (Demonspawn Necromancer) Turns: 471, Time: 00:07:14

Health: 19/19      AC:  2    Str:  8    XL:     2   Next: 58%
Magic:  1/5        EV: 12    Int: 16    God:
Gold:   19         SH:  0    Dex: 13    Spells: 4/5 levels left

rFire   . . .      SeeInvis .   f - +0 dagger (vamp)
rCold   . . .      Faith    .   (no shield)
rNeg    . . .      Spirit   .   a - +0 robe
rPois   .          Reflect  .   (no helmet)
rElec   .          Harm     .   (no cloak)
rCorr   .          Rampage  .   (no gloves)
Will    .....                   (no boots)
Stlth   ++........              (no amulet)
HPRegen 0.06/turn               (no ring)
MPRegen 0.09/turn               (no ring)

@: no status effects
A: weakness stinger 1
a: no special abilities


You were on level 1 of the Dungeon.
You visited 1 branch of the dungeon, and saw 1 of its levels.

You collected 19 gold pieces.

Inventory:

Hand Weapons
 f - a +0 vampiric dagger (weapon)
Armour
 a - a +0 robe (worn)
Scrolls
 c - a scroll of teleportation {unknown}
 d - a scroll of immolation {unknown}
 e - a scroll of identify {unknown}
 h - a scroll of vulnerability {unknown}
Potions
 b - a potion of magic
 g - a potion of haste {unknown}


   Skills:
 - Level 1.7 Dodging
 - Level 1.7 Stealth
 - Level 2.0 Spellcasting
 * Level 5.2 Necromancy


You had 4 spell levels left.
You knew the following spells:

 Your Spells              Type           Power      Damage    Failure   Level
a - Necrotize             Necr           72%        1d7       2%          1

Your spell library contained the following spells:

 Spells                   Type           Power      Damage    Failure   Level
 Vampiric Draining        Necr           18%        2d7       7%          3
 Animate Dead             Necr           18%        N/A       24%         4
 Gell's Gravitas          Tloc           1%         N/A       52%         3
 Teleport Other           Tloc           1%         N/A       52%         3
 Agony                    Necr           18%        N/A       54%         5
 Dispersal                Tloc           0%         N/A       100%        6


Dungeon Overview and Level Annotations

Branches:
Dungeon (1/15)

Altars:


Innate Abilities, Weirdness & Mutations

You have a small tail.


Message History

Your rat skeleton bites the rat.
The rat bites your rat skeleton. The rat bites your rat skeleton.
Your rat skeleton completely misses the rat.
Your rat skeleton bites the rat.
The rat dies!
You see here a giant cockroach corpse.
Your rat skeleton crumbles into dust!
A bat comes into view.
A bat comes into view.
Found a scroll labelled RUSOUK CA JUQ.
Aiming: Necrotize (safe; 2% risk of failure)
Press: ? - help, Q - select action Shift-Dir - straight line, f - bat
Aim: a bat (asleep, chance to affect: 88%)
The bat barely resists.
The bat closely misses you.
Aiming: Necrotize (safe; 2% risk of failure)
Press: ? - help, Q - select action Shift-Dir - straight line, f/p - bat
Aim: a bat (chance to affect: 88%)
The bat writhes in agony.
You kill the bat!
The dead are flying!
Found a ring mail.
You see here a scroll labelled RUSOUK CA JUQ.
Aiming: Necrotize (safe; 2% risk of failure)
Press: ? - help, Q - select action Shift-Dir - straight line, f - bat
Aim: a bat (asleep, chance to affect: 88%)
The bat writhes in agony.
You kill the bat!
The dead are flying!
h - a scroll labelled RUSOUK CA JUQ
Found a robe.
You now have 19 gold pieces (gained 15).
You see here a +0 robe.
Are you sure you want to abandon this character and quit the game? (Confirm with "yes".)
Okay, then.
Okay, then.
Saving game... please wait.
Welcome back, elagabalus the Demonspawn Necromancer.
Press ? for a list of commands and other information.
Are you sure you want to abandon this character and quit the game? (Confirm with "yes".)

#.#######.# #.#
#.# #.# #.# #.#
#.# #.#
###.#######.###.##
#.................
#.##........#...##
#.##..#######.###
#.##..# #.#
#@##..# #. #Z##..#
# #Z##..# #.##..#
## #.# ... ## #.#
#..###. #.#.#
##...... #.#.# #
........ #.#.# .#
##.###.


You could see 2 friendly bat skeletons.

Vanquished Creatures
  A dart slug (D:1)
  2 giant cockroaches (D:1)
  A goblin (D:1)
  3 kobolds (D:1)
  6 bats (D:1)
  4 rats (D:1)
17 creatures vanquished.

Vanquished Creatures (collateral kills)
  A hobgoblin (D:1)
  A ball python (D:1)
  A rat (D:1)
3 creatures vanquished.

Grand Total: 20 creatures vanquished

Notes
Turn   | Place    | Note
-------+----------+-------------------------------------------
     0 | D:1      | elagabalus the Demonspawn Necromancer began the quest for
                  | the Orb.
     0 | D:1      | Reached XP level 1. HP: 13/13 MP: 3/3
   243 | D:1      | Gained mutation: You have a small tail. [demonic ancestry]
   243 | D:1      | Reached XP level 2. HP: 19/19 MP: 1/5
   272 | D:1      | Reached skill level 5 in Necromancy
   471 | D:1      | Upgraded the game from 0.29-a0-506-ga2e7fffb44 to
                  | 0.29-a0-529-gfa20dd96a1
   471 | D:1      | Quit the game

Illustrated notes

Levels and vault maps discovered:
D:1:      scummos_arrival_hexagon, layout_loops_ring

Skill      XL: |  1  2 |
---------------+-------+-----
Necromancy     | 5 |  5.2
Dodging        | |  1.7
Stealth        | |  1.7
Spellcasting   | |  2.0

Action                   || total
-------------------------++-------
Melee: Hand axe          ||     2
 Cast: Necrotize         ||    30
Armor: Robe              ||     9
Dodge: Dodged            ||    24

Table legend: (Time is in decaauts)
 A = Elapsed time spent in this place.
 B = Non-inter-level travel time spent in this place.
 C = Inter-level travel time spent in this place.
 D = Time resting spent in this place.
 E = Time spent auto-exploring this place.
 F = Levels seen in this place.
 G = Mean time per level.
                   A        B        C        D        E       F      G
               +--------+--------+--------+--------+--------+-----+--------+
         Total |    470 |    143 |    327 |      0 |      0 |   1 |  470.0 |
       Dungeon |    470 |    143 |    327 |      0 |      0 |   1 |  470.0 |
               +--------+--------+--------+--------+--------+-----+--------+

Top non-repeatable levels by time:
     D:1: 470 daAuts
